 Dungeon Crawl Stone Soup version 0.26.1-11-gd32895ea62 (webtiles) character file.

Game seed: 1565205701785351981

3530 Almogavar the Twirler (level 9, -3/71 HPs)
             Began as a Pale Draconian Venom Mage on May 11, 2021.
             Was a Believer of Sif Muna.
             Slain by a two-headed ogre
             ... wielding a +0 giant spiked club
              (18 damage)
             ... on level 8 of the Dungeon.
             The game lasted 00:36:26 (9851 turns).

Almogavar the Twirler (Pale Draconian Venom Mage)   Turns: 9851, Time: 00:36:27

Health: -3/71      AC: 11    Str: 11    XL:     9   Next: 82%
Magic:  16/18      EV: 13    Int: 18    God:    Sif Muna [**....]
Gold:   379        SH:  0    Dex: 12    Spells: 19/20 levels left

rFire    + . .     SeeInvis +   d - +4 quarterstaff (chaos)
rCold    . . .     Faith    .   (shield currently unavailable)
rNeg     . . .     Spirit   .   (armour unavailable)
rPois    .         Reflect  .   (helmet restricted)
rElec    .         Harm     .   f - +0 cloak
rCorr    .         Rampage  .   (no gloves)
Will     .....                  k - +2 pair of boots {Fly}
Stlth    ++........             (no amulet)
HPRegen  0.21/turn              A - ring of protection from fire
MPRegen  0.16/turn              E - ring of see invisible

@: flying
A: breathe steam, unfitting armour, cold-blooded, AC +7
a: Breathe Steam, Stop Flying, Renounce Religion, Channel Magic


You were on level 8 of the Dungeon.
You worshipped Sif Muna.
Sif Muna was pleased with you.
You visited 2 branches of the dungeon, and saw 9 of its levels.
You also visited: Ossuary.

You collected 707 gold pieces.
You spent 328 gold pieces at shops.

Inventory:

Hand Weapons
 b - a +0 dagger
 d - a +4 quarterstaff of chaos (weapon)
Armour
 f - a +0 cloak (worn)
 k - a +2 pair of boots of flying (worn)
 m - a +0 buckler
Magical Staves
 G - an uncursed staff of death {unknown}
Jewellery
 A - a ring of protection from fire (left hand)
 E - a ring of see invisible (right hand)
Wands
 c - a wand of random effects (15)
 v - a wand of enslavement (11)
 y - a wand of paralysis (11)
 C - a wand of flame (7)
 F - a wand of iceblast (10)
Scrolls
 a - 3 scrolls of remove curse
 e - a scroll of fear
 i - 4 scrolls of teleportation {unknown}
 j - 3 scrolls of fog {unknown}
 p - 2 scrolls of amnesia {unknown}
 q - 4 scrolls of magic mapping
 u - 4 scrolls of enchant armour
 z - 3 scrolls of enchant weapon {unknown}
 B - a scroll of torment {unknown}
 D - a scroll of identify
Potions
 g - 2 potions of lignification
 h - a potion of haste
 l - a potion of cancellation
 n - 2 potions of curing
 o - 2 potions of mutation {unknown}
 r - a potion of magic
 s - 3 potions of heal wounds {unknown}
 t - 2 potions of invisibility {unknown}
 w - 2 potions of brilliance {unknown}
 x - a potion of resistance {unknown}


   Skills:
 + Level 3.8 Fighting
 - Level 0.3 Short Blades
 + Level 7.1 Staves
 + Level 3.9 Dodging
 + Level 3.3 Stealth
 + Level 6.1 Spellcasting
 + Level 5.7 Transmutations
 + Level 6.5 Poison Magic


You had 19 spell levels left.
You knew the following spells:

 Your Spells              Type           Power        Failure   Level
a - Sting                 Tmut/Pois      100%         1%          1

Your spell library contained the following spells:

 Spells                   Type           Power        Failure   Level
 Poisonous Vapours        Pois/Air       34%          4%          2
 Ignite Poison            Fire/Tmut/Pois 20%          7%          3
 Olgreb's Toxic Radiance  Pois           29%          8%          4
 Animate Skeleton         Necr           10%          12%         1
 Apportation              Tloc           10%          12%         1
 Corona                   Hex            5%           12%         1
 Summon Small Mammal      Summ           20%          12%         1
 Mephitic Cloud           Conj/Pois/Air  13%          14%         3


Dungeon Overview and Level Annotations

Branches:
Dungeon (8/15)             Temple (1/1) D:5         Ossuary (visited)
   Lair: D:8-11

Altars:
Ashenzari
Cheibriados
Dithmenos
Elyvilon
Fedhas
Gozag
Hepliaklqana
Kikubaaqudgha
Makhleb
Nemelex Xobeh
Okawaru
Qazlal
Ru
Sif Muna
Trog
Uskayaw
Vehumet
Wu Jian
Xom
Yredelemnul
Zin
The Shining One

Shops:
D:6 [   D:7 :(**   D:8 ?


Innate Abilities, Weirdness & Mutations

You can breathe blasts of scalding, opaque steam.
Your pale cyan-grey scales are hard. (AC +7)
You cannot fit into any form of body armour.
You are cold-blooded and may be slowed by cold attacks.


Message History

The centaur warrior wields a +0 shortbow.
The centaur warrior shoots an arrow.
The arrow hits you!
You hear a shout!
You see here an arrow.
Casting: Sting (safe; 1% risk of failure)
Confirm with . or Enter, or press ? or * to list all spells.
Aiming: Sting (safe; 1% risk of failure)
Press: ? - help, Shift-Dir - straight line, f/p - two-headed ogre
Aim: a two-headed ogre, wielding two +0 giant spiked clubs (heavily wounded, poisoned, 11% to evade)
The sting hits the two-headed ogre!
The two-headed ogre looks even sicker.
The two-headed ogre is severely wounded.
The centaur warrior shoots an arrow.
The arrow hits you!
The two-headed ogre hits you with a +0 giant spiked club! x2
The centaur warrior shoots an arrow.
The arrow hits you.
You see here an arrow.
The centaur warrior shoots an arrow.
The arrow hits you!!
* * * LOW HITPOINT WARNING * * *
It was a potion of curing.
You feel better.
The two-headed ogre hits you with a +0 giant spiked club!!
You die...

##.#...## #.##.# #
........########.##..##
#............†..##.#..
#......###.##..#..###.
#.#................#..
#.#.#.#########.....
...#.##†....... #.##.
....##.##.###.###.#.##<
.#. #.@.##.# .# ##.
#S##.O.##.## #.
#..#c.##.# .#
##..#(.##.###.
#....(..##.#.#
###...O.###.#.#
#.###.###.##.#
#..†.O....##.#
#.#.#######.#.#


You could see a centaur warrior, a two-headed ogre (very poisoned) and an ogre.

Vanquished Creatures
  A hornet (D:8)
  Grinder (D:3)
  Sigmund (D:5)
  Menkaure (Ossuary)
  An orc warrior (D:8)
  2 sky beasts
  2 phantoms
  2 ice beasts
  3 ogres (D:7)
  A centaur (D:6)
  A big kobold (D:8)
  3 bullfrogs
  The ghost of Exodus22XD the Chopper, a weakling HOMo of Beogh (D:3)
  9 wights (D:7)
  A quasit (D:6)
  3 howler monkeys (D:7)
  A crimson imp (D:2)
  2 bullfrog zombies
  4 orc priests
  A centaur zombie (D:5)
  Crazy Yiuf (D:2)
  A centaur skeleton (D:7)
  2 jellies
  A hound (D:8)
  5 orc wizards
  A bullfrog skeleton (D:5)
  2 iguanas
  Natasha (D:3)
  7 worker ants
  A killer bee zombie (D:8)
  3 mummies (Ossuary)
  6 adders
  2 white imps
  An ufetubus (D:3)
  An adder skeleton (D:6)
  A worm (D:3)
  7 leopard geckos
  29 orcs
  7 giant cockroaches
  5 goblins
  9 hobgoblins
  A jackal (D:3)
  A quokka (D:8)
  2 ball pythons
  11 bats
  2 frilled lizards
  4 gnoll skeletons (Ossuary)
  4 gnoll zombies (Ossuary)
  4 goblin skeletons (Ossuary)
  6 goblin zombies (Ossuary)
  5 hobgoblin skeletons (Ossuary)
  4 hobgoblin zombies (Ossuary)
  13 kobolds
  4 kobold skeletons (Ossuary)
  A kobold zombie (Ossuary)
  A leopard gecko skeleton (D:7)
  6 orc skeletons (Ossuary)
  7 orc zombies (Ossuary)
  5 rats
  2 rat skeletons (Ossuary)
  3 rat zombies (Ossuary)
220 creatures vanquished.

Vanquished Creatures (others)
  6 plants (D:7)
6 creatures vanquished.

Grand Total: 226 creatures vanquished

Notes
Turn   | Place    | Note
-------+----------+-------------------------------------------
     0 | D:1      | Almogavar the Draconian Venom Mage began the quest for the
                  | Orb.
     0 | D:1      | Reached XP level 1. HP: 14/14 MP: 3/3
   647 | D:1      | Reached XP level 2. HP: 20/20 MP: 1/5
   746 | D:1      | Found a sparkling altar of Nemelex Xobeh.
  1627 | D:2      | Reached XP level 3. HP: 18/26 MP: 2/6
  2317 | D:2      | Reached XP level 4. HP: 33/33 MP: 5/7
  2423 | D:2      | Found a hide-covered altar of Uskayaw.
  2496 | D:2      | Found a runed translucent door.
  2497 | D:2      | Noticed Crazy Yiuf
  2648 | D:2      | Found a burning altar of Makhleb.
  2958 | D:2      | Killed Crazy Yiuf
  3204 | D:3      | Reached XP level 5. HP: 35/38 MP: 9/9
  3445 | D:3      | Found a runed translucent gate.
  3445 | D:3      | Found a runed translucent gate.
  3445 | D:3      | Noticed Exodus22XD's ghost (weakling HOMo)
  3447 | D:3      | Found a runed translucent gate.
  3546 | D:3      | Found a stormy altar of Qazlal.
  3980 | D:3      | Noticed Grinder
  3991 | D:3      | Killed Grinder
  3992 | D:3      | Reached skill level 1 in Fighting
  3992 | D:3      | Reached skill level 2 in Staves
  3992 | D:3      | Reached XP level 6. HP: 28/47 MP: 7/10
  4142 | D:3      | Noticed Natasha
  4227 | D:3      | Killed Natasha
  4328 | D:3      | Killed Exodus22XD's ghost
  4530 | D:4      | Noticed a sky beast
  4531 | D:4      | Your scales start taking on a pale cyan-grey colour.
  4531 | D:4      | Reached XP level 7. HP: 52/52 MP: 6/12
  4539 | D:4      | Reached skill level 3 in Staves
  4734 | D:4      | Found a bloodstained altar of Trog.
  4761 | D:4      | Found a sand-covered staircase.
  4769 | Ossuary  | Entered an ossuary
  5405 | Ossuary  | Noticed Menkaure
  5412 | Ossuary  | Killed Menkaure
  5413 | Ossuary  | Reached skill level 4 in Staves
  5822 | D:5      | Entered Level 5 of the Dungeon
  5917 | D:5      | Found a staircase to the Ecumenical Temple.
  5935 | Temple   | Entered the Ecumenical Temple
  5973 | Temple   | Became a worshipper of Sif Muna the Loreminder
  6213 | D:5      | Reached XP level 8. HP: 58/62 MP: 13/13
  6232 | D:5      | Noticed Sigmund
  6283 | D:5      | Killed Sigmund
  6284 | D:5      | Reached skill level 5 in Staves
  6423 | D:5      | Found a sparkling altar of Nemelex Xobeh.
  7098 | D:6      | Found Teah's Armour Boutique.
  7106 | D:6      | Bought a +2 pair of boots of flying for 279 gold pieces
  7125 | D:6      | Reached skill level 5 in Poison Magic
  7372 | D:6      | Reached * piety under Sif Muna
  8020 | D:7      | Found Senig's General Store.
  8125 | D:7      | Reached skill level 5 in Spellcasting
  8160 | D:7      | Reached XP level 9. HP: 70/70 MP: 13/16
  8209 | D:7      | Found Minagogh's Assorted Antiques.
  8355 | D:7      | Reached skill level 6 in Staves
  8543 | D:7      | Found Julium's Book Shop.
  8864 | D:7      | Reached skill level 5 in Transmutations
  8912 | D:7      | Found Emeab's Antique Weapon Shoppe.
  8929 | D:7      | Found a shadowy altar of Dithmenos.
  9528 | D:8      | Found Tuscharey's Magic Scroll Emporium.
  9536 | D:8      | Bought a scroll of magic mapping for 49 gold pieces
  9559 | D:8      | Reached ** piety under Sif Muna
  9566 | D:8      | Reached skill level 7 in Staves
  9836 | D:8      | Noticed a two-headed ogre
  9836 | D:8      | Noticed a centaur warrior
  9851 | D:8      | Slain by a two-headed ogre

Illustrated notes

Levels and vault maps discovered:
D:1:      dpeg_chamrin_arrival_tetris, layout_basic,
          chequers_serial_rivers_small_b, nemelex_altar_shiori
D:2:      layout_loops_ring, lemuel_coloured_pillars_altar,
          makhleb_grotto_becter, st_stairs_1, uniq_crazy_yiuf_cottage
D:3:      layout_loops_ring, ebering_ghost_rock_garden, grunt_qazlal_clouds,
          uniq_grinder, uniq_natasha
D:4:      layout_basic, chequers_ossuary_entry_cave, minmay_misc_feat_columns,
          trog_three_pillars_becter, uniq_edmund
D:5:      corexii_shack_village, layout_cave_pools, kennysheep_mini_moat,
          minmay_temple_entry_large_hall, minmay_misc_feat_square, minivault_5,
          uniq_sigmund
D:6:      layout_loops_ring, serial_shops, shop_coins,
          hangedman_abyss_or_decor_stabs
D:7:      layout_gridville, serial_shops, shop, nicolae_shop_stone,
          nicolae_shop_overgrown_old_shop, nicolae_shop_behind_doors,
          david_defended_altar_elf
D:8:      minmay_the_grid_triangle_9x9_rhombus_thin
          [minmay_the_grid_triangle_9x9_odd_lines,
          minmay_the_grid_triangle_9x9_prize_insulated,
          minmay_the_grid_triangle_9x9_windchime,
          minmay_the_grid_triangle_9x9_dagger], layout_loops_ring,
          grunt_dithmenos_shadows, serial_shops, shop
Temple:   compressed_dpeg_circular_temple

Skill      XL: |  1  2  3  4  5  6  7  8  9 |
---------------+----------------------------+-----
Stealth        | 2 3 |  3.3
Transmutations | 2 3 4 5 |  5.7
Dodging        | 2 3 |  3.9
Poison Magic   | 4 5 6 |  6.5
Fighting       | 1 2 3 |  3.8
Staves         | 2 4 5 7 |  7.1
Spellcasting   | 3 5 6 |  6.1
Short Blades   | |  0.3

Action                   |  1- 3 |  4- 6 |  7- 9 || total
-------------------------+-------+-------+-------++-------
Melee: Dagger            |       |   111 |       ||   111
       Quarterstaff      |       |    57 |   295 ||   352
       Tailslap          |       |    11 |    20 ||    31
 Cast: Sting             |    65 |    58 |   128 ||   251
 Abil: Breathe Steam     |       |       |    10 ||    10
  Use: Scroll            |     1 |       |     7 ||     8
       Potion            |       |     6 |     1 ||     7
 Stab: Sleeping          |       |       |     2 ||     2
Armor: Skin              |     8 |    91 |    71 ||   170
Dodge: Dodged            |    21 |    74 |   165 ||   260
